[Event "FIDE WYCC Girls U16 2023"]
[Site "Montesilvano"]
[Date "2023.11.16"]
[Round "4.31"]
[White "Kawa, Anna"]
[Black "Badenhorst, Chloe"]
[Result "1-0"]
[ECO "B22"]
[WhiteElo "1622"]
[BlackElo "1885"]
[Annotator "NA COMBH"]
[PlyCount "155"]
[EventDate "2023.11.13"]
[EventType "swiss"]
[EventCountry "ITA"]
[SourceTitle "playchess.com"]
[Source "ChessBase"]
[SourceQuality "1"]
[TimeControl "40/5400+30:1800+30"]

1. e4 c5 2. Nf3 Nc6 3. Bb5 e5 4. c3 a6 5. Bxc6 dxc6 6. d3 Bd6 7. Be3 Nf6 8. h3 O-O 9. O-O Re8 10. Nbd2 b6 11. Qc2 Bb7 12. Rfe1 Qe7 13. Nh4 Bc8 14. Rad1 Be6 15. Ndf3 Rad8 16. Ng5 h6 17. Nxe6 fxe6 18. Nf3 Rf8 19. a3 Nd7 20. Qe2 Rf7 21. d4 Rdf8 22. dxe5 Nxe5 23. Nxe5 Bxe5 24. Qh5 Bb8 25. Qg4 Kh7 26. Rd2 Qc7 27. g3 Rf6 28. Bf4 Rxf4 29. gxf4 Rxf4 30. Qg3 Qf7 31. e5 Rf5 32. Kf1 Qh5 33. Rd7 Rg5 34. Qd3+ Rf5 35. Rd8 c4 36. Qg3 Bxe5 37. Qg2 Qh4 38. Rd2 Qf4 39. Rde2 Bf6 40. Rxe6 Qd2 41. Rxf6 Qd3+ 42. Re2 Rxf6 43. Qe4+ Qxe4 44. Rxe4 b5 45. Re8 a5 46. a4 bxa4 47. Re4 Rf5 48. Rxc4 Rb5 49. Rxa4 Rxb2 50. Rxa5 Rb3 51. Rc5 Rb6 52. Ke2 Kg6 53. Kd3 Kf6 54. Kc4 Ke6 55. Ra5 Rb2 56. Ra7 g5 57. Rh7 Rxf2 58. Rxh6+ Kd7 59. Rg6 Rf4+ 60. Kc5 Rf3 61. c4 Rxh3 62. Rxg5 Rh4 63. Rg6 Rh5+ 64. Kb6 Rh4 65. Rxc6 Rh1 66. Rg6 Rb1+ 67. Kc5 Ra1 68. Rg7+ Ke6 69. Kb6 Rb1+ 70. Kc6 Ra1 71. c5 Ra6+ 72. Kb7 Ra2 73. c6 Rb2+ 74. Kc8 Kd6 75. c7 Rc2 76. Rg6+ Ke7 77. Kb7 Rb2+ 78. Rb6 1-0

[Event "FIDE WYCC Girls U16 2023"]
[Site "Montesilvano"]
[Date "2023.11.16"]
[Round "4.32"]
[White "Conde Mares, Vanya Briseyda"]
[Black "Kayis, Gulcan Sena"]
[Result "0-1"]
[ECO "C02"]
[WhiteElo "1566"]
[BlackElo "1859"]
[Annotator "NA RC"]
[PlyCount "62"]
[EventDate "2023.11.13"]
[EventType "swiss"]
[EventCountry "ITA"]
[SourceTitle "playchess.com"]
[Source "ChessBase"]
[SourceQuality "1"]
[TimeControl "40/5400+30:1800+30"]

1. e4 e6 2. d4 d5 3. e5 c5 4. c3 Nc6 5. Nf3 Bd7 6. Be2 f6 7. O-O fxe5 8. dxe5 Qc7 9. c4 d4 10. Bf4 O-O-O 11. a3 Nh6 12. Nbd2 Nf7 13. Ne4 Be7 14. b4 g5 15. Nfxg5 Nxg5 16. Bxg5 Bxg5 17. Nxg5 Nxe5 18. f4 Rhg8 19. Rf2 Ng6 20. Qd2 Nxf4 21. Qxf4 Qxf4 22. Rxf4 Rxg5 23. h4 Rg7 24. bxc5 e5 25. Rf2 Bc6 26. Kh2 e4 27. Rg1 d3 28. Bh5 e3 29. Rf6 e2 30. Re6 Rf8 31. Re3 Rf2 0-1

[Event "FIDE WYCC Girls U16 2023"]
[Site "Montesilvano"]
[Date "2023.11.16"]
[Round "4.33"]
[White "Dumankyzy, Alfarabi"]
[Black "Maton, Emily"]
[Result "1/2-1/2"]
[ECO "C07"]
[WhiteElo "1525"]
[BlackElo "1837"]
[Annotator "NA RC"]
[PlyCount "105"]
[EventDate "2023.11.13"]
[EventType "swiss"]
[EventCountry "ITA"]
[SourceTitle "playchess.com"]
[Source "ChessBase"]
[SourceQuality "1"]
[TimeControl "40/5400+30:1800+30"]

1. e4 e6 2. d4 d5 3. Nd2 c5 4. exd5 Qxd5 5. Ngf3 cxd4 6. Bc4 Qd6 7. O-O Nf6 8. Nb3 Nc6 9. Nbxd4 Nxd4 10. Nxd4 Be7 11. Nb5 Qc6 12. Qe2 O-O 13. Bf4 Bd7 14. Rad1 a6 15. Nd4 Qc5 16. Rd2 b5 17. Bb3 Nd5 18. Bxd5 Qxd5 19. Rfd1 Bc6 20. Nxc6 Qxc6 21. Rd7 Bf6 22. R1d6 Qc5 23. Be3 Qe5 24. c3 Be7 25. Rd3 Bc5 26. Qd2 Bxe3 27. Rxe3 Qf5 28. Red3 Qf6 29. h3 h6 30. Rf3 Qe5 31. Re3 Qf5 32. Red3 Qf6 33. R3d6 Qf5 34. Qd1 Qf6 35. Qd2 Qf5 36. a3 Qf6 37. g3 Qf5 38. Kg2 Qe4+ 39. Kh2 Qf5 40. Kg2 Qe4+ 41. f3 Qf5 42. Qd3 Qf6 43. Rd4 Qg5 44. f4 Qf6 45. Qe4 Rfe8 46. R4d6 h5 47. Kf3 Rec8 48. Rd3 Rd8 49. Qb7 Rdb8 50. Qc7 Rc8 51. Qb7 Rcb8 52. Qc7 Rc8 53. Ke4 1/2-1/2

[Event "FIDE WYCC Girls U16 2023"]
[Site "Montesilvano"]
[Date "2023.11.16"]
[Round "4.34"]
[White "Rice, Lauren"]
[Black "Grimault, Leane"]
[Result "1-0"]
[ECO "E04"]
[WhiteElo "1529"]
[BlackElo "1814"]
[Annotator "NA RC"]
[PlyCount "57"]
[EventDate "2023.11.13"]
[EventType "swiss"]
[EventCountry "ITA"]
[SourceTitle "playchess.com"]
[Source "ChessBase"]
[SourceQuality "1"]
[TimeControl "40/5400+30:1800+30"]

1. d4 d5 2. c4 e6 3. Nf3 Nf6 4. g3 Bb4+ 5. Bd2 Bd6 6. Bg2 O-O 7. O-O Nc6 8. Qc2 dxc4 9. Qxc4 e5 10. Nc3 exd4 11. Nxd4 Nxd4 12. Qxd4 Bxg3 13. Be3 Bd6 14. Rad1 Qe7 15. Nb5 Be5 16. Qc5 Qe6 17. f4 Bd6 18. Nxd6 cxd6 19. Rxd6 Qg4 20. Rxf6 b6 21. Qg5 Qxg5 22. fxg5 gxf6 23. Bxa8 fxg5 24. Bxg5 Be6 25. Be4 f5 26. Bb1 Rf7 27. Kf2 Bc4 28. Rg1 Kf8 29. Bh6+ 1-0

[Event "FIDE WYCC Girls U16 2023"]
[Site "Montesilvano"]
[Date "2023.11.16"]
[Round "4.35"]
[White "Field, Rowan Soraya"]
[Black "Young, Anna Ovidia"]
[Result "1-0"]
[ECO "B12"]
[WhiteElo "1810"]
[BlackElo "1502"]
[Annotator "NA RC"]
[PlyCount "109"]
[EventDate "2023.11.13"]
[EventType "swiss"]
[EventCountry "ITA"]
[SourceTitle "playchess.com"]
[Source "ChessBase"]
[SourceQuality "1"]
[TimeControl "40/5400+30:1800+30"]

1. e4 c6 2. d4 d5 3. e5 Bf5 4. h4 h5 5. Bd3 Bxd3 6. Qxd3 Qa5+ 7. Nd2 Qa6 8. c4 e6 9. b3 Bb4 10. Ngf3 Ne7 11. O-O Nd7 12. a4 Qa5 13. Ba3 Bxa3 14. Rxa3 Nf5 15. Rb1 O-O 16. Ng5 Rfe8 17. Nf1 Nf8 18. Qf3 g6 19. Ne3 Qb4 20. Raa1 Qe7 21. Qf4 Nxe3 22. fxe3 Nh7 23. Rf1 Nxg5 24. hxg5 Rf8 25. Qh4 Rac8 26. Rf6 dxc4 27. bxc4 Qb4 28. Raf1 Rc7 29. c5 Qxa4 30. Qf4 Qc2 31. e4 Kg7 32. Rxe6 Qc4 33. Rd6 a5 34. e6 a4 35. e7 Re8 36. Qf6+ Kg8 37. Rd8 Rcxe7 38. Qxe7 Qxd4+ 39. Rxd4 Rxe7 40. Rxa4 Re5 41. Ra8+ Kg7 42. Ra7 Rxe4 43. Rxb7 Re8 44. Rfxf7+ Kg8 45. Rg7+ Kh8 46. Rh7+ Kg8 47. Rbg7+ Kf8 48. Rh8+ Kxg7 49. Rxe8 Kf7 50. Rc8 Ke6 51. Rxc6+ Kf5 52. Rd6 Kxg5 53. c6 Kf5 54. c7 g5 55. c8=Q+ 1-0

[Event "FIDE WYCC Girls U16 2023"]
[Site "Montesilvano"]
[Date "2023.11.17"]
[Round "5.1"]
[White "Nurmanova, Alua"]
[Black "Khuslen, Erdenebayar"]
[Result "1-0"]
[ECO "B85"]
[WhiteElo "2367"]
[BlackElo "1906"]
[Annotator "RC"]
[PlyCount "77"]
[EventDate "2023.11.13"]
[EventType "swiss"]
[EventCountry "ITA"]
[SourceTitle "playchess.com"]
[Source "ChessBase"]
[SourceQuality "1"]
[TimeControl "40/5400+30:1800+30"]

1. e4 c5 2. Nf3 e6 3. d4 cxd4 4. Nxd4 Nc6 5. Nc3 Qc7 6. Be2 a6 7. O-O Nf6 8. Be3 Be7 9. f4 d6 10. Kh1 O-O 11. Qe1 Nxd4 12. Bxd4 b5 13. Qg3 Bb7 14. a3 Rad8 15. Bd3 Qd7 16. Rae1 Bc6 17. Nd1 Nh5 18. Qh3 Nxf4 19. Rxf4 e5 20. Rg4 exd4 21. e5 g6 22. e6 Qb7 23. exf7+ Kg7 24. Re6 Bf6 25. Rxf6 Kxf6 26. Qxh7 Ke7 27. Bxg6 Kd7 28. Nf2 Kc8 29. Ne4 Kb8 30. Qh4 Qd7 31. h3 Qe6 32. Qf6 Qd7 33. Ng5 Rh8 34. Ne6 Rc8 35. Kg1 d3 36. Bxd3 Qa7+ 37. Kh2 Bd7 38. Qxh8 Rxh8 39. Rg8+ 1-0

[Event "FIDE WYCC Girls U16 2023"]
[Site "Montesilvano"]
[Date "2023.11.17"]
[Round "5.2"]
[White "Braeutigam, Katerina"]
[Black "Siekanska, Maria"]
[Result "0-1"]
[ECO "B13"]
[WhiteElo "1904"]
[BlackElo "2180"]
[Annotator "ChessBase"]
[PlyCount "58"]
[EventDate "2023.11.13"]
[EventType "swiss"]
[EventCountry "ITA"]
[SourceTitle "playchess.com"]
[Source "ChessBase"]
[SourceQuality "1"]
[TimeControl "40/5400+30:1800+30"]

1. d4 d5 2. Bf4 c5 3. e3 cxd4 4. exd4 Nc6 5. c3 f6 6. Bd3 e5 7. dxe5 fxe5 8. Qh5+ g6 9. Bxg6+ hxg6 10. Qxh8 exf4 11. Qxg8 Bf5 12. Qh7 Qb6 13. b3 O-O-O 14. Nh3 Re8+ 15. Kd1 d4 16. c4 Nb4 17. Nd2 Bc2+ 18. Kc1 d3 19. Qf7 Rd8 20. c5 Bxc5 21. Nc4 d2+ 22. Nxd2 Rxd2 23. Kxd2 Qd6+ 24. Ke2 Qd3+ 25. Ke1 Qc3+ 26. Ke2 Bd3+ 27. Kf3 Bc4+ 28. Kxf4 Bxf7 29. Ng5 Nd3+ 0-1

[Event "FIDE WYCC Girls U16 2023"]
[Site "Montesilvano"]
[Date "2023.11.17"]
[Round "5.3"]
[White "Ter-Avetisjana, Agnesa Stepania"]
[Black "Putar, Lara"]
[Result "1/2-1/2"]
[ECO "C06"]
[WhiteElo "2105"]
[BlackElo "1892"]
[Annotator "NA"]
[PlyCount "57"]
[EventDate "2023.11.13"]
[EventType "swiss"]
[EventCountry "ITA"]
[SourceTitle "playchess.com"]
[Source "ChessBase"]
[SourceQuality "1"]
[TimeControl "40/5400+30:1800+30"]

1. e4 e6 2. d4 d5 3. Nd2 Nf6 4. e5 Nfd7 5. Bd3 c5 6. c3 Nc6 7. Ne2 cxd4 8. cxd4 f6 9. exf6 Nxf6 10. Nf3 Bd6 11. O-O Qc7 12. g3 O-O 13. Bf4 Bxf4 14. Nxf4 Bd7 15. Re1 Rae8 16. Qc2 h6 17. Ng6 Qb6 18. Nxf8 Rxf8 19. Rad1 Ng4 20. Qe2 e5 21. dxe5 Ncxe5 22. Nxe5 Nxe5 23. Qxe5 Qxf2+ 24. Kh1 Qf3+ 25. Kg1 Qf2+ 26. Kh1 Qf3+ 27. Kg1 Qf2+ 28. Kh1 Qf3+ 29. Kg1 1/2-1/2

[Event "FIDE WYCC Girls U16 2023"]
[Site "Montesilvano"]
[Date "2023.11.17"]
[Round "5.4"]
[White "Maria, Lia-Alexandra"]
[Black "Szczotka, Klara"]
[Result "0-1"]
[ECO "B12"]
[WhiteElo "1877"]
[BlackElo "2020"]
[Annotator "NA"]
[PlyCount "62"]
[EventDate "2023.11.13"]
[EventType "swiss"]
[EventCountry "ITA"]
[SourceTitle "playchess.com"]
[Source "ChessBase"]
[SourceQuality "1"]
[TimeControl "40/5400+30:1800+30"]

1. e4 c6 2. d4 d5 3. e5 Bf5 4. Nf3 e6 5. Be2 a5 6. O-O Nd7 7. a4 f6 8. Nh4 fxe5 9. Nxf5 exf5 10. dxe5 Nxe5 11. Re1 Kf7 12. Bh5+ Ng6 13. g4 fxg4 14. Qxg4 Bc5 15. Nd2 Nf6 16. Bxg6+ hxg6 17. Qe6+ Kf8 18. Nf3 Qd7 19. Be3 Bxe3 20. Qxe3 Rh3 21. Ne5 Qf5 22. Qc5+ Kg8 23. Qe7 Qg5+ 24. Kf1 Rxh2 25. Qf7+ Kh7 26. Qxg6+ Qxg6 27. Nxg6 Kxg6 28. Ke2 Re8+ 29. Kf3 Rxe1 30. Rxe1 Ne4 31. Re2 Rxf2+ 0-1

[Event "FIDE WYCC Girls U16 2023"]
[Site "Montesilvano"]
[Date "2023.11.17"]
[Round "5.5"]
[White "Trunz, Michelle"]
[Black "Karaivanova, Petya"]
[Result "1-0"]
[ECO "D58"]
[WhiteElo "1997"]
[BlackElo "1883"]
[Annotator "NA"]
[PlyCount "95"]
[EventDate "2023.11.13"]
[EventType "swiss"]
[EventCountry "ITA"]
[SourceTitle "playchess.com"]
[Source "ChessBase"]
[SourceQuality "1"]
[TimeControl "40/5400+30:1800+30"]

1. d4 d5 2. c4 e6 3. Nc3 Nf6 4. Bg5 Be7 5. e3 Nbd7 6. Nf3 h6 7. Bh4 O-O 8. Qc2 b6 9. Bd3 Bb7 10. O-O c5 11. Bg3 Nh5 12. cxd5 Nxg3 13. hxg3 exd5 14. Rfd1 Nf6 15. Bf5 a6 16. Rac1 c4 17. Ne5 Bd6 18. Ne2 b5 19. b3 Qe7 20. f4 g6 21. Bh3 Ne4 22. Bg4 Bxe5 23. dxe5 Nxg3 24. Nxg3 Qh4 25. Nf5 gxf5 26. Bxf5 Kh8 27. Qf2 Qh5 28. g4 Qh3 29. Re1 d4 30. Qh2 Qxh2+ 31. Kxh2 d3 32. Red1 Bd5 33. bxc4 bxc4 34. Kg3 Rfd8 35. Rd2 Kg7 36. e4 Bc6 37. Rxc4 Bb5 38. Rc7 Kf8 39. e6 fxe6 40. Bxe6 Rd4 41. Kf3 Rb4 42. Rh7 Re8 43. f5 Bc6 44. Rf7+ Kg8 45. Rb7+ Rxe6 46. Rxb4 Rd6 47. Ke3 a5 48. Rb6 1-0

[Event "FIDE WYCC Girls U16 2023"]
[Site "Montesilvano"]
[Date "2023.11.17"]
[Round "5.6"]
[White "Kiraly, Lilla Virag"]
[Black "Tejaswini G"]
[Result "0-1"]
[ECO "D00"]
[WhiteElo "1765"]
[BlackElo "1956"]
[Annotator "NA"]
[PlyCount "98"]
[EventDate "2023.11.13"]
[EventType "swiss"]
[EventCountry "ITA"]
[SourceTitle "playchess.com"]
[Source "ChessBase"]
[SourceQuality "1"]
[TimeControl "40/5400+30:1800+30"]

1. d4 Nf6 2. Bf4 g6 3. Nf3 Bg7 4. e3 O-O 5. Be2 d5 6. O-O c5 7. Nc3 cxd4 8. exd4 Nc6 9. h3 Ne4 10. Bh2 Bf5 11. Nb1 Qb6 12. Nc3 Qxb2 13. Nxd5 Nc3 14. Nxc3 Qxc3 15. Bd3 Nxd4 16. Nxd4 Bxd3 17. Qxd3 Qxd3 18. cxd3 Bxd4 19. Rab1 b6 20. Rfe1 e6 21. Re4 Rfd8 22. Rd1 Rac8 23. Re2 Rc5 24. Bf4 Rcd5 25. Be3 Bc3 26. d4 Bxd4 27. Bxd4 Rxd4 28. Rxd4 Rxd4 29. Rc2 Ra4 30. Kf1 Kg7 31. g3 f5 32. Ke2 Kf6 33. h4 Ke5 34. Ke3 Ra3+ 35. Ke2 Ra5 36. Ke3 Rc5 37. Rb2 b5 38. Rb3 a5 39. Ra3 b4 40. Ra4 Rc3+ 41. Kd2 Ra3 42. Rxa3 bxa3 43. f4+ Ke4 44. Ke2 e5 45. fxe5 Kxe5 46. Ke3 h6 47. Kf3 Kd4 48. Kf4 Kc3 49. h5 gxh5 0-1

[Event "FIDE WYCC Girls U16 2023"]
[Site "Montesilvano"]
[Date "2023.11.17"]
[Round "5.7"]
[White "Shubhi Gupta"]
[Black "Bruessow, Nina"]
[Result "1-0"]
[ECO "A46"]
[WhiteElo "1940"]
[BlackElo "1863"]
[Annotator "NA"]
[PlyCount "89"]
[EventDate "2023.11.13"]
[EventType "swiss"]
[EventCountry "ITA"]
[SourceTitle "playchess.com"]
[Source "ChessBase"]
[SourceQuality "1"]
[TimeControl "40/5400+30:1800+30"]

1. d4 Nf6 2. Nf3 e6 3. Bg5 h6 4. Bxf6 Qxf6 5. e4 d6 6. Nc3 a6 7. e5 dxe5 8. dxe5 Qe7 9. Bd3 Nc6 10. Qe2 Bd7 11. O-O-O g5 12. h3 Bg7 13. Rd2 f5 14. exf6 Qxf6 15. Rhd1 Nb4 16. Bc4 O-O-O 17. Qe3 Nc6 18. Rxd7 Rxd7 19. Bxe6 Rhd8 20. Bg4 Qf4 21. Qxf4 gxf4 22. Ne4 b6 23. g3 fxg3 24. Nxg3 Ne5 25. Nxe5 Bxe5 26. Ne4 c5 27. Rd5 Bf4+ 28. Kd1 Kc7 29. Bxd7 Rxd7 30. Nf6 Rd6 31. Ne8+ Kc6 32. Rxd6+ Bxd6 33. Nxd6 Kxd6 34. Kd2 b5 35. Ke3 Ke5 36. b3 a5 37. c4 bxc4 38. bxc4 a4 39. f4+ Kf5 40. Kf3 a3 41. Ke3 h5 42. Kf3 h4 43. Ke3 Kf6 44. Ke4 Ke6 45. f5+ 1-0

[Event "FIDE WYCC Girls U16 2023"]
[Site "Montesilvano"]
[Date "2023.11.17"]
[Round "5.8"]
[White "Begic, Klara"]
[Black "Peglau, Dora"]
[Result "1/2-1/2"]
[ECO "A30"]
[WhiteElo "1877"]
[BlackElo "1937"]
[Annotator "ChessBase"]
[PlyCount "150"]
[EventDate "2023.11.13"]
[EventType "swiss"]
[EventCountry "ITA"]
[SourceTitle "playchess.com"]
[Source "ChessBase"]
[SourceQuality "1"]
[TimeControl "40/5400+30:1800+30"]

1. Nf3 Nf6 2. b3 g6 3. Bb2 Bg7 4. e3 O-O 5. c4 c5 6. Be2 Nc6 7. O-O e6 8. d4 cxd4 9. Nxd4 d5 10. Nd2 Qe7 11. N2f3 Rd8 12. Qc1 Nxd4 13. Bxd4 dxc4 14. bxc4 Ne4 15. Qb2 Bxd4 16. exd4 Nd6 17. Rac1 Nf5 18. Rfd1 b6 19. Ne5 Bb7 20. c5 bxc5 21. dxc5 Bd5 22. Ng4 Ng7 23. Nf6+ Kh8 24. c6 Rac8 25. Nxd5 exd5 26. Bf3 Qe6 27. c7 Rd6 28. Qb7 Ne8 29. Bxd5 Qd7 30. Bf3 Rxc7 31. Qb2+ Kg8 32. g3 Rxc1 33. Rxc1 Rd2 34. Qe5 Rd6 35. Kg2 Nf6 36. Qa5 Nd5 37. Rb1 Nb6 38. Qe5 Re6 39. Qb8+ Re8 40. Qf4 Kg7 41. a4 Nc8 42. Rb7 Qe6 43. Qd4+ Qf6 44. Qd7 Rd8 45. Qc7 Rd3 46. Qc6 Qxc6 47. Bxc6 Rd6 48. Rc7 Nb6 49. Be8 Kf8 50. Bxf7 Nxa4 51. Bb3 Nb6 52. Rxh7 Rd7 53. Rh8+ Kg7 54. Rg8+ Kf6 55. Rf8+ Kg7 56. Rf4 a5 57. Re4 Rd3 58. Re7+ Kf8 59. Rf7+ Ke8 60. Rf3 Rd6 61. Bc2 Ke7 62. Ra3 Rc6 63. Bd3 Rd6 64. Be4 Nc4 65. Rc3 Nd2 66. Bc2 Kf6 67. f4 Re6 68. Kf2 Ne4+ 69. Bxe4 Rxe4 70. Ra3 a4 71. Kf3 Rb4 72. Kg4 g5 73. h4 gxf4 74. gxf4 Kg6 75. h5+ Kh6 1/2-1/2

[Event "FIDE WYCC Girls U16 2023"]
[Site "Montesilvano"]
[Date "2023.11.17"]
[Round "5.9"]
[White "Tokarz, Izabela"]
[Black "Hayrapetyan, Nvard"]
[Result "1-0"]
[ECO "D41"]
[WhiteElo "1931"]
[BlackElo "1462"]
[Annotator "NA"]
[PlyCount "85"]
[EventDate "2023.11.13"]
[EventType "swiss"]
[EventCountry "ITA"]
[SourceTitle "playchess.com"]
[Source "ChessBase"]
[SourceQuality "1"]
[TimeControl "40/5400+30:1800+30"]

1. d4 Nf6 2. c4 e6 3. Nf3 d5 4. Nc3 c5 5. cxd5 cxd4 6. Qa4+ Bd7 7. Qxd4 exd5 8. Nxd5 Qa5+ 9. Nc3 Nc6 10. Qd1 Ne4 11. Bd2 Nxd2 12. Nxd2 Bb4 13. Rc1 O-O-O 14. a3 Bxc3 15. Rxc3 Bf5 16. e3 Kb8 17. Be2 h5 18. Qb3 Be6 19. Qb5 Qc7 20. Bf3 a6 21. Qe2 Qb6 22. Nc4 Qb5 23. O-O Bxc4 24. Rxc4 Ne5 25. Rc2 Qb3 26. Rfc1 Rd7 27. h3 g5 28. Rc3 Qe6 29. Bxh5 f5 30. e4 f4 31. Bg4 Nxg4 32. Qxg4 Qxg4 33. hxg4 Rd2 34. R3c2 Rhd8 35. f3 R8d3 36. Rxd2 Rxd2 37. b4 Ra2 38. Rc3 Ra1+ 39. Kh2 b6 40. g3 Ra2+ 41. Kh3 Re2 42. gxf4 gxf4 43. g5 1-0

[Event "FIDE WYCC Girls U16 2023"]
[Site "Montesilvano"]
[Date "2023.11.17"]
[Round "5.10"]
[White "Bondar, Daria"]
[Black "Zhou, Shumeng"]
[Result "1-0"]
[ECO "B12"]
[WhiteElo "1908"]
[BlackElo "1559"]
[Annotator "ChessBase"]
[PlyCount "146"]
[EventDate "2023.11.13"]
[EventType "swiss"]
[EventCountry "ITA"]
[SourceTitle "playchess.com"]
[Source "ChessBase"]
[SourceQuality "1"]
[TimeControl "40/5400+30:1800+30"]

1. e4 c6 2. d4 d5 3. e5 Bf5 4. Nf3 e6 5. Be2 c5 6. Be3 cxd4 7. Nxd4 Ne7 8. O-O Nbc6 9. Bb5 a6 10. Bxc6+ bxc6 11. c4 Qc7 12. Qa4 Bd3 13. Rc1 Qd7 14. c5 f6 15. f4 fxe5 16. fxe5 Nf5 17. Nxf5 exf5 18. Nd2 g6 19. e6 Qxe6 20. Qd4 Be2 21. Kf2 Rg8 22. Re1 Bg7 23. Qb4 Bd3 24. Qb7 Rc8 25. Bh6 Bd4+ 26. Be3 Bxe3+ 27. Rxe3 Be4 28. Rae1 Rf8 29. Qxa6 Kf7 30. Rh3 Kg7 31. Nf3 Qe7 32. Qa3 Ra8 33. Qc3+ Qf6 34. Nd4 Kg8 35. a3 f4 36. Ne2 Qg5 37. Rg1 Ra4 38. Qb3 Rc4 39. Nc3 Qe5 40. Rd1 Re8 41. Qb7 Re7 42. Qxc6 Rd4 43. Qd6 Rxd1 44. Qxe5 Rd2+ 45. Ke1 Rxe5 46. Kxd2 Bxg2 47. Rd3 f3 48. Nd1 Re2+ 49. Kc3 f2 50. Nxf2 Rxf2 51. b4 Be4 52. Rd4 Rf3+ 53. Kb2 Kf7 54. b5 Ke6 55. a4 Rf2+ 56. Kc3 Kd7 57. Kb4 Kc7 58. Ka5 Rf8 59. Kb4 g5 60. b6+ Kc6 61. a5 Rf1 62. a6 Rb1+ 63. Kc3 Ra1 64. b7 Kc7 65. Rb4 Kb8 66. Rb6 Rxa6 67. Rxa6 Kxb7 68. Re6 g4 69. Kd4 h5 70. Rh6 Bf3 71. Rxh5 Kc6 72. Rh6+ Kc7 73. Rd6 Be4 1-0

[Event "FIDE WYCC Girls U16 2023"]
[Site "Montesilvano"]
[Date "2023.11.17"]
[Round "5.11"]
[White "Djukic, Katarina"]
[Black "Sippola, Sara-Olivia"]
[Result "0-1"]
[ECO "C78"]
[WhiteElo "1536"]
[BlackElo "1907"]
[Annotator "NA"]
[PlyCount "70"]
[EventDate "2023.11.13"]
[EventType "swiss"]
[EventCountry "ITA"]
[SourceTitle "playchess.com"]
[Source "ChessBase"]
[SourceQuality "1"]
[TimeControl "40/5400+30:1800+30"]

1. e4 e5 2. Nf3 Nc6 3. Bb5 a6 4. Ba4 Nf6 5. O-O b5 6. Bb3 Bc5 7. c3 d6 8. a4 Rb8 9. d4 Bb6 10. h3 O-O 11. Bg5 h6 12. Bh4 Qe7 13. Re1 Na5 14. Bc2 c5 15. Bg3 cxd4 16. cxd4 Nc6 17. dxe5 dxe5 18. Na3 Rd8 19. Qe2 Nd4 20. Nxd4 Bxd4 21. Bd3 bxa4 22. Nc2 Rxb2 23. Rxa4 Be6 24. Bc4 Qd7 25. Rb4 Rxb4 26. Nxb4 Bc3 27. Bxe6 Qxe6 28. Nc6 Qxc6 29. Rc1 Qxe4 30. Qxa6 Bd4 31. Rc8 Rxc8 32. Qxc8+ Kh7 33. Qc7 Qe1+ 34. Kh2 Kg6 35. Qc2+ Qe4 0-1

[Event "FIDE WYCC Girls U16 2023"]
[Site "Montesilvano"]
[Date "2023.11.17"]
[Round "5.12"]
[White "Enkhrii Enkh-Amgalan"]
[Black "Schippke, Manon"]
[Result "*"]
[ECO "E90"]
[WhiteElo "1821"]
[BlackElo "2110"]
[Annotator "ChessBase"]
[PlyCount "91"]
[EventDate "2023.11.13"]
[EventType "swiss"]
[EventCountry "ITA"]
[SourceTitle "playchess.com"]
[Source "ChessBase"]
[SourceQuality "1"]
[TimeControl "40/5400+30:1800+30"]

1. d4 Nf6 2. c4 g6 3. Nc3 Bg7 4. e4 d6 5. Nf3 O-O 6. Bg5 h6 7. Be3 e5 8. d5 a5 9. c5 Ng4 10. cxd6 cxd6 11. Bd3 Nxe3 12. fxe3 Nd7 13. O-O h5 14. Nd2 Nc5 15. Nc4 Bd7 16. a4 Rc8 17. Be2 Bh6 18. Kh1 Bg4 19. Bxg4 hxg4 20. Qxg4 Nb3 21. Ra3 Rxc4 22. Rxb3 Rb4 23. Rxb4 axb4 24. Nb5 Bxe3 25. h4 Kg7 26. g3 Qe7 27. Kg2 Bc5 28. b3 Rh8 29. Rc1 b6 30. Rf1 Rh5 31. Qc8 Rh8 32. Qg4 Bd4 33. Rd1 Bc5 34. Rf1 f6 35. Rh1 Qf7 36. h5 f5 37. hxg6 Qxd5 38. exd5 fxg4 39. Rxh8 Kxh8 40. Nc7 Kg7 41. Ne8+ Kxg6 42. Kf1 Kf5 43. Ke2 e4 44. Ng7+ Ke5 45. Nh5 Bd4 46. Nf4 *

[Event "FIDE WYCC Girls U16 2023"]
[Site "Montesilvano"]
[Date "2023.11.17"]
[Round "5.13"]
[White "Peglau, Charis"]
[Black "Kosma, Maria"]
[Result "1-0"]
[ECO "D40"]
[WhiteElo "2045"]
[BlackElo "1780"]
[Annotator "ChessBase"]
[PlyCount "146"]
[EventDate "2023.11.13"]
[EventType "swiss"]
[EventCountry "ITA"]
[SourceTitle "playchess.com"]
[Source "ChessBase"]
[SourceQuality "1"]
[TimeControl "40/5400+30:1800+30"]

1. c4 e6 2. Nf3 Nf6 3. Nc3 d5 4. e3 c5 5. d4 a6 6. cxd5 exd5 7. Be2 c4 8. O-O Bb4 9. Ne5 O-O 10. Qc2 Nc6 11. Nxc6 bxc6 12. b3 Bxc3 13. Qxc3 Ne4 14. Qe1 cxb3 15. axb3 Re8 16. f3 Nd6 17. Qc3 Qb6 18. Bd2 Bb7 19. Bd3 Re6 20. Ra4 Nb5 21. Qc2 g6 22. Kh1 Rc8 23. Rc1 Qd8 24. Rd1 Qh4 25. e4 dxe4 26. fxe4 Rd6 27. Be3 Rcd8 28. e5 Nxd4 29. exd6 Nxc2 30. Rxh4 Nxe3 31. Re1 Nd5 32. Ra4 Rxd6 33. Bxa6 Bxa6 34. Rxa6 Nc7 35. Rb6 Ne6 36. h3 Kf8 37. b4 Rd4 38. Rc1 Nd8 39. Rb8 Ke7 40. Ra1 h5 41. Kg1 Rd2 42. Ra7+ Kf6 43. Kf1 Ke6 44. Ke1 Rd5 45. Ke2 Kf6 46. Ke3 Ke6 47. Ke4 g5 48. g4 hxg4 49. hxg4 Re5+ 50. Kd3 Rd5+ 51. Kc4 f6 52. Rc8 Rd6 53. Ra5 Nf7 54. Kc5 Kd7 55. Rf8 Rd5+ 56. Kb6 Ke7 57. Rc8 Ne5 58. Rxc6 Nxc6 59. Kxc6 Rd4 60. b5 Rc4+ 61. Kd5 Rxg4 62. Ra7+ Kd8 63. Kd6 Rd4+ 64. Kc5 Rd7 65. b6 Rd1 66. Ra8+ Kd7 67. b7 Rb1 68. b8=Q Rxb8 69. Rxb8 Ke6 70. Kd4 Kf5 71. Ke3 Kg4 72. Kf2 f5 73. Rb1 Kh3 1-0

[Event "FIDE WYCC Girls U16 2023"]
[Site "Montesilvano"]
[Date "2023.11.17"]
[Round "5.14"]
[White "Gvatua, Mariam"]
[Black "Bochnickova, Simona"]
[Result "1-0"]
[ECO "A87"]
[WhiteElo "1701"]
[BlackElo "2043"]
[Annotator "NA"]
[PlyCount "51"]
[EventDate "2023.11.13"]
[EventType "swiss"]
[EventCountry "ITA"]
[SourceTitle "playchess.com"]
[Source "ChessBase"]
[SourceQuality "1"]
[TimeControl "40/5400+30:1800+30"]

1. Nf3 e6 2. g3 f5 3. Bg2 Nf6 4. d4 g6 5. c4 Bg7 6. Nc3 O-O 7. O-O d6 8. Re1 Ne4 9. Qc2 d5 10. Bf4 g5 11. Be5 Nc6 12. Bxg7 Kxg7 13. Rad1 h5 14. Ne5 Ne7 15. f3 Nxc3 16. bxc3 f4 17. e4 fxg3 18. hxg3 Bd7 19. Qd2 Kh6 20. Rf1 dxc4 21. f4 Kg7 22. fxg5 Ba4 23. Rxf8 Qxf8 24. Rf1 Qd8 25. Qf4 Qf8 26. Qf7+ 1-0

[Event "FIDE WYCC Girls U16 2023"]
[Site "Montesilvano"]
[Date "2023.11.17"]
[Round "5.15"]
[White "Kheerthi Ganta"]
[Black "Yu, Yuexi"]
[Result "1/2-1/2"]
[ECO "D85"]
[WhiteElo "2030"]
[BlackElo "1734"]
[Annotator "NA"]
[PlyCount "100"]
[EventDate "2023.11.13"]
[EventType "swiss"]
[EventCountry "ITA"]
[SourceTitle "playchess.com"]
[Source "ChessBase"]
[SourceQuality "1"]
[TimeControl "40/5400+30:1800+30"]

1. d4 Nf6 2. c4 g6 3. Nc3 d5 4. cxd5 Nxd5 5. e4 Nxc3 6. bxc3 Bg7 7. Nf3 c5 8. Bb5+ Nc6 9. Rb1 O-O 10. d5 a6 11. Be2 Ne5 12. Nxe5 Bxe5 13. Qc2 Qa5 14. Bd2 Qc7 15. Bh6 Re8 16. c4 e6 17. Be3 Bd7 18. g3 exd5 19. cxd5 Bh3 20. f3 Rac8 21. Kf2 h5 22. f4 Bg7 23. Rhc1 Qd7 24. Qd3 Bf8 25. Rb6 Qa4 26. e5 Qxa2 27. d6 Bg4 28. Rc2 Qa5 29. Rxb7 Bf5 30. Qc4 Be6 31. Qxa6 Qxa6 32. Bxa6 Red8 33. Rxc5 Ra8 34. Bd3 Ra2+ 35. Rc2 Ra3 36. Be4 Ra4 37. Bf3 Ra3 38. Bb6 Rda8 39. d7 Be7 40. Rc8+ Kg7 41. d8=Q Bxd8 42. Rxd8 Rxd8 43. Bxd8 Rxf3+ 44. Ke2 Rb3 45. Bf6+ Kf8 46. Ra7 Ke8 47. Kd2 Rf3 48. Bg5 Rb3 49. Kc2 Rf3 50. Kd1 Rf2 1/2-1/2